 Dungeon Crawl Stone Soup version 0.31-a0-765-g67fe2935dc (webtiles) character file.

Game seed: 12670970054800361819

67078 kiwi3s the Severer (level 14, -14/133 HPs)
             Began as a Minotaur Berserker on Sept 15, 2023.
             Was the Champion of Trog.
             Killed from afar by an oklob plant (21 damage)
             ... with a splash of acid
             ... on level 3 of the Lair of Beasts.
             The game lasted 00:40:05 (20332 turns).

kiwi3s the Severer (Minotaur Berserker)            Turns: 20332, Time: 00:40:14

Health: -14/133    AC: 10    Str: 31    XL:     14   Next: 81%
Magic:  13/13      EV: 19    Int:  8    God:    Trog [******]
Gold:   1383       SH:  5    Dex: 15    Spells: 13/13 levels left

rFire   . . .        a - +1 hand axe (vamp)
rCold   . . .        (no shield)
rNeg    + + .        P - +10 plate armour of Xuohexe {rElec rN++ Str-3 Int+4}
rPois   .            (helmet restricted)
rElec   +            D - +2 cloak
rCorr   .            J - +0 pair of gloves
SInv    +            t - +1 pair of boots
Will    +....        p - amulet of reflection Stlth
                     d - +5 ring of evasion
HPRegen 0.42/turn    T - ring of Lexufeg {Str+8 Dex+4 SInv}
MPRegen 0.13/turn

%: reflection
@: corroded
A: horns 2, retaliatory headbutt, hooves 1, see invisible, wild magic 1
a: Renounce Religion, Berserk, Trog's Hand, Brothers in Arms


You were on level 3 of the Lair of Beasts.
You worshipped Trog.
Trog was exalted by your worship.
You visited 3 branches of the dungeon, and saw 20 of its levels.
You also visited: Bailey.

You collected 2123 gold pieces.
You spent 740 gold pieces at shops.

Inventory:

Hand Weapons
 a - a +1 vampiric hand axe (weapon)
 O - a +2 war axe of flaming
 X - the +11 executioner's axe of Ekuuzame {heavy, Dex+3}
   (Trog gifted it to you on level 15 of the Dungeon)

   Dex+3:     It affects your dexterity (+3).
Missiles
 w - 25 boomerangs (quivered)
 C - 3 throwing nets
Armour
 t - a +1 pair of boots (worn)
 D - a +2 cloak (worn)
 J - a +0 pair of gloves (worn)
 P - the +10 plate armour of Xuohexe (worn) {rElec rN++ Str-3 Int+4}
   (You found it in a bailey)

   Str-3:     It affects your strength (-3).
   Int+4:     It affects your intelligence (+4).
   rElec:     It insulates you from electricity.
   rN++:      It greatly protects you from negative energy.
 V - the +3 hat of Pondering {ponderous, Will+ MP+10 Int+5}
   (You took it off Gastronok on level 1 of the Lair of Beasts)

   Int+5:     It affects your intelligence (+5).
   Will+:     It increases your willpower.
   MP+10:     It affects your magic capacity (+10).
 Z - a +2 kite shield of reflection
Jewellery
 c - a ring of fire
 d - a +5 ring of evasion (left hand)
 g - an amulet of magic regeneration
 h - an amulet of the acrobat
 p - an amulet of reflection (around neck)
 B - a ring of positive energy
 R - a ring of poison resistance
 T - the ring of Lexufeg (right hand) {Str+8 Dex+4 SInv}
   (You found it on level 12 of the Dungeon)

   [ring of see invisible]

   Str+8:     It affects your strength (+8).
   Dex+4:     It affects your dexterity (+4).
   SInv:      It lets you see invisible.
Talismans
 F - a serpent talisman
 H - a maw talisman
 Y - a granite talisman
Scrolls
 e - 5 scrolls of immolation
 f - 2 scrolls of poison
 j - 18 scrolls of identify
 l - a scroll of teleportation
 n - 4 scrolls of fear {unknown}
 o - 2 scrolls of torment
 r - 3 scrolls of blinking
 s - 3 scrolls of enchant armour
 y - 5 scrolls of fog
 A - a scroll of acquirement {unknown}
 E - 3 scrolls of silence {unknown}
 M - a scroll of vulnerability {unknown}
 N - 3 scrolls of revelation
 Q - a scroll of amnesia {unknown}
 W - a scroll of butterflies {unknown}
Potions
 b - 3 potions of curing
 i - 2 potions of mutation
 k - a potion of berserk rage {unknown}
 m - a potion of cancellation
 q - 2 potions of enlightenment
 v - a potion of lignification {unknown}
 x - 2 potions of brilliance
 z - a potion of attraction {unknown}
 I - 4 potions of might {unknown}
 S - a potion of invisibility


   Skills:
 - Level 14.6 Fighting
 + Level 19.9 Axes
 - Level 14.5 Armour
 - Level 13.3 Dodging


You had 13 spell levels left.
You didn't know any spells.
Your spell library was empty.

Dungeon Overview and Level Annotations

Branches:
Dungeon (15/15)            Temple (0/1) D:5            Lair (3/5) D:8
 Shoals (0/4) Lair:3       Spider (0/4) Lair:2          Orc (2/2) D:9
    Elf (0/3) Orc:2        Vaults (0/5) D:14         Depths (0/4) D:15
 Bailey (visited)

Altars:
Dithmenos
Okawaru
Qazlal
Ru
Vehumet
Wu Jian
Xom

Shops:
D:6 :   D:7 (   Orc:2 *[:(

Annotations:
D:12 exclusion: ice statue
Lair:2 exclusion: oklob plant
Lair:3 exclusion: 6 oklob plants


Innate Abilities, Weirdness & Mutations

You have a pair of horns on your head.
You reflexively headbutt those who attack you in melee.
You have large cloven feet.
You have supernaturally acute eyesight. (SInv)
Your spells are a little harder to cast, but a little more powerful.


Message History

2 oklob plants come into view.
The oklob plant spits acid at you.
The splash of acid hits you but does no damage.
The acid corrodes you! The oklob plant spits acid at you.
The splash of acid hits you! The acid corrodes you!
Marking area around 2 oklob plants as unsafe for travelling.
The oklob plant spits acid at you.
You block the splash of acid... and reflect it back!
The splash of acid hits the oklob plant.
The oklob plant completely resists.
Unknown command.
The oklob plant spits acid at you.
The splash of acid hits you but does no damage.
The acid corrodes you! The oklob plant spits acid at you.
The splash of acid hits you!! The oklob plant spits acid at you.
The splash of acid hits you!! The acid corrodes you!
The oklob plant spits acid at you. The splash of acid hits you!
The oklob plant spits acid at you. The splash of acid hits you.
The acid corrodes you! The oklob plant spits acid at you.
The splash of acid hits you! The oklob plant spits acid at you.
The splash of acid hits you!
* * * LOW HITPOINT WARNING * * *
The acid corrodes you! The oklob plant spits acid at you.
The splash of acid hits you!
* * * LOW HITPOINT WARNING * * *
You see here a blade talisman.
You feel better. The oklob plant spits acid at you.
The splash of acid hits you!!
* * * LOW HITPOINT WARNING * * *
The oklob plant spits acid at you. The splash of acid hits you!!
You die...

#.......#### #.....#######
##)........# ##....P# #..
#........## #.#..### #..
#.....!....# ##...######..
#..........# #.##...##.#.[
#..........# ####..####)..
.....PP....#######.#..PP....
...
.....P..............PP.P....
$.
....PP.P...@................
......P.......................
#.#....P.........####..#..#...
#.#............### ####......
#....(...=...### ##..:..
#......)...... ##..#..
#.$........# ##......
##........# #.#.....
##......## #####...


You could see 6 oklob plants.

Vanquished Creatures
  Gastronok (Lair:1)
  A fire giant (D:15)
  Snorg (Orc:2)
  The ghost of Sirjeffry24 the Skirmisher, a journeyman MiHu of the Shining One (D:10)
  3 hydras
  A rakshasa (D:15)
  An ogre mage (D:15)
  4 boulder beetles
  6 centaur warriors
  7 two-headed ogres
  A tengu warrior (D:13)
  4 death yaks (Lair:3)
  2 orc high priests (Orc:2)
  Nergalle (Lair:2)
  A sixfirhy (D:12)
  2 deep elf pyromancers
  3 orc knights (Orc:2)
  A wizard (D:14)
  A necromancer (D:14)
  A manticore (D:14)
  5 cyclopes
  7 ugly things
  4 orc sorcerers (Orc:2)
  9 elephants
  The ghost of justen the Chopper, a novice HOBe of Trog (D:5)
  3 gargoyles
  9 komodo dragons
  6 cane toads
  2 freezing wraiths (D:15)
  A yaktaur (shapeshifter) (D:14)
  2 rime drakes
  The ghost of Newt the Skirmisher, a novice KoHu (D:5)
  An efreet (D:11)
  A queen bee (D:10)
  A merfolk (Lair:3)
  2 hornets
  A polar bear (Lair:2)
  10 trolls
  8 blink frogs
  2 culicivoras (Lair:2)
  4 slime creatures (D:14)
  2 jumping spiders (Lair:2)
  A centaur simulacrum (D:15)
  4 vampires
  2 wraiths
  A shadow (D:12)
  A yak (shapeshifter) (D:15)
  18 yaks
  2 wyverns
  2 basilisks
  7 vampire mosquitoes
  A steam dragon (D:6)
  Menkaure (D:5)
  A warg (Orc:2)
  2 acid dragons
  6 water moccasins
  Pargi (D:4)
  An ice beast (D:6)
  A sky beast (D:6)
  35 orc warriors
  A black bear (shapeshifter) (D:14)
  2 black bears
  6 ogres
  4 boggarts (D:15)
  10 centaurs
  4 wolves (Lair:1)
  A phantom (D:7)
  A kobold brigand (D:7)
  11 bullfrogs
  3 gnoll sergeants
  4 scorpions
  11 wights
  16 killer bees
  A howler monkey (D:8)
  9 vampire bats (Bailey)
  5 wolf zombies (Bailey)
  2 gnoll boudas
  Crazy Yiuf (D:4)
  16 orc priests
  4 hounds
  A jelly (D:5)
  A sleepcap (D:7)
  18 orc wizards
  4 iguanas
  2 hell rats (Lair:2)
  Robin (D:4)
  26 gnolls
  7 river rats (Lair:2)
  4 adders
  A shadow imp (D:8)
  A white imp (D:6)
  2 worms
  2 dart slugs
  85 orcs
  6 bats
  4 endoplasms
  3 giant cockroaches
  16 goblins
  5 hobgoblins
  4 jackals (D:1)
  3 quokkas
  6 ball pythons
  4 frilled lizards
  7 kobolds
  14 orc zombies (Bailey)
  8 rats
559 creatures vanquished.

Vanquished Creatures (collateral kills)
  An orc warlord (Orc:2)
  An orc high priest (Orc:2)
  An orc knight (Orc:2)
  An oklob plant (Lair:3)
  3 orc warriors (Orc:2)
  3 orc priests (Orc:2)
  2 orc wizards (Orc:2)
12 creatures vanquished.

Vanquished Creatures (others)
  An ugly thing (D:11)
  2 orc warriors (Orc:2)
  2 centaurs (D:11)
5 creatures vanquished.

Grand Total: 576 creatures vanquished

Notes
Turn   | Place    | Note
-------+----------+-------------------------------------------
     0 | D:1      | kiwi3s the Minotaur Berserker began the quest for the Orb.
     0 | D:1      | Reached XP level 1. HP: 19/19 MP: 0/0
   118 | D:1      | Reached XP level 2. HP: 13/27 MP: 1/1
   319 | D:1      | Reached skill level 4 in Axes
   319 | D:1      | Reached XP level 3. HP: 15/33 MP: 2/2
   792 | D:2      | Reached ** piety under Trog
  1420 | D:3      | Reached XP level 4. HP: 34/41 MP: 3/3
  1423 | D:3      | Identified the +0 robe "Wiyck" {Will- Str+2 Int+3}
  1958 | D:4      | Noticed Robin
  1959 | D:4      | Noticed an ogre
  1966 | D:4      | Reached *** piety under Trog
  1967 | D:4      | Killed Robin
  1970 | D:4      | Killed an ogre
  1971 | D:4      | Reached XP level 5. HP: 17/47 MP: 4/4
  2280 | D:4      | Noticed an ogre
  2300 | D:4      | Killed an ogre
  2301 | D:4      | Reached skill level 5 in Fighting
  2301 | D:4      | Reached skill level 5 in Axes
  2301 | D:4      | Reached XP level 6. HP: 8/56 MP: 5/5
  2565 | D:4      | Found a radiant altar of Vehumet.
  2581 | D:4      | Noticed Pargi
  2591 | D:4      | Killed Pargi
  2927 | D:4      | Found a runed translucent door.
  2928 | D:4      | Noticed Crazy Yiuf
  3063 | D:4      | Killed Crazy Yiuf
  3132 | D:5      | Entered Level 5 of the Dungeon
  3146 | D:5      | Found a runed translucent gate.
  3147 | D:5      | Found a runed translucent gate.
  3148 | D:5      | Found a runed translucent gate.
  3149 | D:5      | Noticed an orc warrior
  3152 | D:5      | Noticed Newt's ghost (novice KoHu)
  3152 | D:5      | Noticed justen's ghost (novice HOBe)
  3156 | D:5      | Gained mutation: You are vulnerable to cold. (rC-) [potion
                  | of mutation]
  3156 | D:5      | Gained mutation: You are strong-willed. (Will+) [potion of
                  | mutation]
  3174 | D:5      | Killed an orc warrior
  3175 | D:5      | Reached skill level 5 in Armour
  3175 | D:5      | Reached XP level 7. HP: 28/62 MP: 6/6
  3386 | D:5      | Noticed Menkaure
  3397 | D:5      | Killed Menkaure
  3398 | D:5      | Reached skill level 6 in Axes
  3398 | D:5      | Reached skill level 5 in Dodging
  3819 | D:5      | Reached XP level 8. HP: 48/71 MP: 7/7
  4047 | D:5      | Found a staircase to the Ecumenical Temple.
  4323 | D:6      | Found Malaiji's Book Shoppe.
  4330 | D:6      | Reached skill level 7 in Axes
  4782 | D:6      | Identified the +0 leather armour of Rotation {rF- rC+ Dex+3
                  | Slay+2}
  5049 | D:6      | You fall into a shaft and drop 1 floor!
  5059 | D:7      | Reached **** piety under Trog
  5062 | D:7      | Reached XP level 9. HP: 74/81 MP: 8/8
  5094 | D:7      | Reached skill level 8 in Axes
  5167 | D:7      | Found Iluq's Antique Weapon Emporium.
  5167 | D:7      | Noticed a boulder beetle
  5700 | D:7      | Noticed a troll
  5707 | D:7      | Killed a troll
  5772 | D:7      | Reached skill level 9 in Axes
  5827 | D:7      | Found a shadowy altar of Dithmenos.
  5869 | D:7      | Noticed a cyclops
  6117 | D:5      | Killed Newt's ghost
  6118 | D:5      | Reached XP level 10. HP: 78/91 MP: 9/9
  6121 | D:5      | Killed justen's ghost
  6149 | D:5      | Lost mutation: You are vulnerable to cold. (rC-) [potion of
                  | mutation]
  6149 | D:5      | Lost mutation: You are strong-willed. (Will+) [potion of
                  | mutation]
  6149 | D:5      | Gained mutation: You have large cloven feet. [potion of
                  | mutation]
  6149 | D:5      | Gained mutation: You have hidden genetic potential. [potion
                  | of mutation]
  6618 | D:7      | Found a stormy altar of Qazlal.
  6809 | D:7      | Killed a cyclops
  6903 | D:8      | Reached skill level 10 in Fighting
  6910 | D:8      | Reached skill level 10 in Axes
  7052 | D:8      | Reached skill level 10 in Armour
  7061 | D:8      | Reached ***** piety under Trog
  7095 | D:8      | Found a staircase to the Lair.
  7434 | D:9      | Found a shimmering altar of Xom.
  7435 | D:9      | Found a shimmering altar of Xom.
  7461 | D:9      | Found a staircase to the Orcish Mines.
  7479 | D:9      | Noticed a two-headed ogre
  7491 | D:9      | Killed a two-headed ogre
  7492 | D:9      | Reached XP level 11. HP: 101/101 MP: 10/10
  7503 | D:9      | Reached skill level 11 in Axes
  7506 | D:9      | Gained mutation: Your spells are a little harder to cast,
                  | but a little more powerful. [hidden potential]
  7659 | D:9      | Found a shimmering altar of Xom.
  7661 | D:9      | Found a shimmering altar of Xom.
  7667 | D:9      | Found a shimmering altar of Xom.
  7668 | D:9      | Found a shimmering altar of Xom.
  7829 | D:9      | Found a flagged portal.
  7837 | Bailey   | Entered a bailey
  8234 | Bailey   | Reached skill level 10 in Dodging
  8884 | Bailey   | Identified the +10 plate armour of Xuohexe {rElec rN++
                  | Str-3 Int+4}
  8889 | Bailey   | Identified the +6 rapier "Dragonbane" {elec, rElec rN+
                  | Str+4 Dex-3}
  9170 | D:9      | Noticed a wolf spider
  9173 | D:9      | a wolf spider changed into an alligator
  9173 | D:9      | Noticed an alligator (shapeshifter)
  9198 | D:9      | an alligator changed into something unseen
  9207 | D:10     | Entered Level 10 of the Dungeon
  9228 | D:10     | Found a transporter.
  9228 | D:10     | Found a transporter.
  9228 | D:10     | Noticed Sirjeffry24's ghost (journeyman MiHu)
  9724 | D:10     | Killed Sirjeffry24's ghost
  9976 | D:11     | Noticed a brown ugly thing
  9979 | D:11     | Noticed a boulder beetle
  9989 | D:11     | Killed a brown ugly thing
 10014 | D:11     | Reached skill level 12 in Axes
 10051 | D:11     | Killed a boulder beetle
 10211 | D:11     | Noticed a red ugly thing
 10223 | D:11     | Killed a red ugly thing
 10358 | D:11     | Reached XP level 12. HP: 109/112 MP: 11/11
 10771 | D:12     | Noticed a boulder beetle
 10815 | D:12     | Killed a boulder beetle
 10836 | D:12     | Gained mutation: You have supernaturally acute eyesight.
                  | (SInv) [hidden potential]
 10836 | D:12     | Lost mutation: You have hidden genetic potential. [hidden
                  | potential expressed]
 10980 | D:12     | Received a gift from Trog
 11125 | D:12     | Found a runed translucent door.
 11463 | D:12     | Noticed a boulder beetle
 11494 | D:12     | Killed a boulder beetle
 11633 | D:12     | Noticed a two-headed ogre
 11655 | D:12     | Killed a two-headed ogre
 12712 | D:12     | Identified the ring of Lexufeg {Str+8 Dex+4 SInv}
 12769 | D:13     | Noticed a centaur warrior
 12777 | D:13     | Killed a centaur warrior
 12778 | D:13     | Reached skill level 13 in Axes
 12838 | D:13     | Found an iron altar of Okawaru.
 12848 | D:13     | Noticed a four-headed hydra
 12873 | D:13     | Killed a 20-headed hydra
 13206 | D:13     | Noticed a tengu warrior
 13216 | D:13     | Killed a tengu warrior
 13375 | D:13     | Noticed a centaur warrior
 13392 | D:13     | Killed a centaur warrior
 13629 | D:14     | Found a sacrificial altar of Ru.
 13683 | D:14     | Noticed a centaur warrior
 13694 | D:14     | Killed a centaur warrior
 13706 | D:14     | Noticed a centaur warrior
 13707 | D:14     | Found a gate leading to a gauntlet.
 13716 | D:14     | Killed a centaur warrior
 13774 | D:14     | Noticed an eight-headed hydra
 13796 | D:14     | Killed an 18-headed hydra
 14112 | D:14     | Noticed a two-headed ogre
 14129 | D:14     | Reached XP level 13. HP: 119/123 MP: 12/12
 14142 | D:14     | Found a gate to the Vaults.
 14448 | D:15     | Entered Level 15 of the Dungeon
 14462 | D:15     | Found a staircase to the Depths.
 14463 | D:15     | Noticed a fire giant
 14498 | D:15     | Killed a fire giant
 14760 | D:15     | Reached skill level 14 in Axes
 14797 | D:15     | HP: 7/186 [white ugly thing (18)]
 15279 | D:15     | Paralysed by an ogre mage for 3 turns
 15325 | D:15     | Identified the +11 executioner's axe of Ekuuzame {heavy,
                  | Dex+3} (Trog gifted it to you on level 15 of the Dungeon)
 15325 | D:15     | Received a gift from Trog
 15777 | D:15     | Found an ornate altar of the Wu Jian Council.
 16351 | Orc:1    | Entered Level 1 of the Orcish Mines
 16541 | Orc:2    | Entered Level 2 of the Orcish Mines
 16567 | Orc:2    | Reached skill level 15 in Axes
 16741 | Orc:2    | Found a staircase to the Elven Halls.
 16768 | Orc:2    | Noticed an orc warlord
 16802 | Orc:2    | Reached skill level 16 in Axes
 16807 | Orc:2    | Killed an orc warlord
 16808 | Orc:2    | Reached XP level 14. HP: 133/133 MP: 13/13
 16834 | Orc:2    | Identified the +7 executioner's axe of Trog's Envy {heavy,
                  | Dex+4} (Trog gifted it to you on level 2 of the Orcish
                  | Mines)
 16834 | Orc:2    | Received a gift from Trog
 17237 | Orc:2    | Noticed Snorg
 17265 | Orc:2    | Killed Snorg
 17550 | Orc:2    | Reached skill level 17 in Axes
 17803 | Orc:2    | Found Xebbeca's General Store.
 17804 | Orc:2    | Found Qebla's Book Shop.
 17806 | Orc:2    | Found Wizudw Etits's Antique Armour Shop.
 17806 | Orc:2    | Found Joguof's Antique Weapon Boutique.
 17811 | Orc:2    | Bought a scroll of poison for 52 gold pieces
 17811 | Orc:2    | Bought a scroll of identify for 26 gold pieces
 17822 | Orc:2    | Bought a shiny kite shield for 172 gold pieces
 17822 | Orc:2    | Bought a pair of ancient boots for 218 gold pieces
 17822 | Orc:2    | Identified the +1 pair of boots of the Unbroken {rElec rF-
                  | Str-3 Int+8} (You bought it in a shop on level 2 of the
                  | Orcish Mines)
 17823 | Orc:2    | Bought a buzzing war axe for 272 gold pieces
 17823 | Orc:2    | Identified the +6 war axe of Watchfulness {heavy, rElec
                  | MP+9} (You bought it in a shop on level 2 of the Orcish
                  | Mines)
 18069 | Lair:1   | Entered Level 1 of the Lair of Beasts
 18319 | Lair:1   | Reached skill level 18 in Axes
 18342 | Lair:1   | Noticed Gastronok
 18364 | Lair:1   | Killed Gastronok
 18646 | Lair:2   | Noticed Nergalle
 18662 | Lair:2   | Killed Nergalle
 18878 | Lair:2   | Reached ****** piety under Trog
 18981 | Lair:2   | Found a hole to the Spider Nest.
 19553 | Lair:3   | Identified the +5 spear of Crystal {protect, rElec}
 19569 | Lair:3   | Reached skill level 19 in Axes
 20275 | Lair:3   | Found a staircase to the Shoals.
 20332 | Lair:3   | Killed from afar by an oklob plant

Illustrated notes

Levels and vault maps discovered:
D:1:      mrwooster_arrival_statue_3, layout_basic
D:2:      layout_rooms, skrybe_limestone_x, grunt_decor_arrowhead,
          chequers_avenue, serial_bayou_pond_a, minmay_pentomino_pile
D:3:      layout_basic, corner_web_ring, nicolae_figureground_sparkle
D:4:      layout_gridville, mainiacjoe_overflow_24_doors,
          hangedman_abyss_or_decor_slice, st_stairs_5,
          hangedman_abyss_or_decor_stagger, uniq_robin, uniq_crazy_yiuf_cottage,
          uniq_pargi
D:5:      layout_loops_ring, minmay_temple_entry_statues,
          gammafunk_ghost_cemetery, kennysheep_generic_room_13, uniq_menkaure
D:6:      layout_basic, serial_shops, nicolae_shop_trees
D:7:      layout_basic, mainiacjoe_overflow_surrounded_room,
          nicolae_dithmenos_through_a_glass_darkly, serial_shops,
          nicolae_shop_waterfront, minmay_shattered_shrine
D:8:      layout_rooms, lair_entry_dummy
D:9:      layout_roguey, xom_shifter_show, orc_0_dummy, enter_bailey_3,
          st_stairs_5
D:10:     layout_cross, gammafunk_ghost_hive, hangedman_decor_riveting
D:11:     layout_long_grid, minmay_microvault
D:12:     cheibrodos_shockbox, layout_loops_corners, special_room
          [special_room_orc], minivault_16
D:13:     layout_loops_ring, okawaru_trees_2
D:14:     layout_small_grid, david_vaults_1, gauntlet_entry_generic,
          nicolae_ru_sacrificial_ziggurat
D:15:     grunt_enter_depths_giant_problem, layout_stronghold, minivault_19,
          pdpol_wu_jian_five_deadly_venoms
Lair:1:   layout_big_grid, nicolae_quartered_pool_little, minivault_24,
          uniq_gastronok
Lair:2:   minmay_lair_oklob_chamber, layout_cave_pods,
          spider_nest_entry_funnel_web, kennysheep_rathole, uniq_nergalle
Lair:3:   layout_hall_layers, elwin_shoals_entry_rooms, dpeg_oklob_1
Orc:1:    layout_caves, mines2_david
Orc:2:    st_orc_congregation, layout_diamond_mine, basic_altar, uniq_snorg

Skill      XL: |  1  2  3  4  5  6  7  8  9 10 11 12 13 14 |
---------------+-------------------------------------------+-----
Fighting       | 4 5 6 8 9 10 12 13 14 | 14.6
Axes           | 4 5 6 7 9 10 12 13 16 19 | 19.9
Armour         | 3 4 5 6 7 9 10 12 13 14 | 14.5
Dodging        | 3 4 5 6 8 9 11 12 13 | 13.3

Action                     |  1- 3 |  4- 6 |  7- 9 | 10-12 | 13-15 || total
---------------------------+-------+-------+-------+-------+-------++-------
  Melee: Hand axe          |    94 |    73 |   304 |   885 |   836 ||  2192
         Headbutt          |     8 |     6 |    73 |   237 |   255 ||   579
         Punch             |     1 |       |     3 |    10 |    21 ||    35
  Throw: Boomerang         |       |     3 |       |     4 |    21 ||    28
         Throwing net      |       |       |     1 |     3 |       ||     4
 Invoke: Berserk           |       |     5 |     1 |     4 |     3 ||    13
         Brothers in Arms  |       |       |       |       |     2 ||     2
    Use: Potion            |       |     3 |     6 |     8 |     2 ||    19
         Scroll            |       |       |    15 |     2 |     2 ||    19
   Stab: Invisible         |       |       |     6 |       |       ||     6
 Armour: Animal skin       |    26 |       |       |       |       ||    26
         Scale mail        |    31 |    62 |   205 |   128 |       ||   426
         Plate armour      |       |       |       |   443 |   494 ||   937
  Dodge: Dodged            |    72 |    69 |   262 |   729 |   735 ||  1867
  Block: Other             |       |       |    83 |   188 |   175 ||   446
         Reflection        |       |       |     2 |     8 |     7 ||    17

Table legend: (Time is in decaauts)
 A = Elapsed time spent in this place.
 B = Non-inter-level travel time spent in this place.
 C = Inter-level travel time spent in this place.
 D = Time resting spent in this place.
 E = Time spent auto-exploring this place.
 F = Levels seen in this place.
 G = Mean time per level.
                   A        B        C        D        E       F      G
               +--------+--------+--------+--------+--------+-----+--------+
         Total |  19873 |  18705 |   1168 |   2900 |  12243 |  21 |  946.3 |
       Dungeon |  15004 |  14065 |    939 |   1941 |   9666 |  15 | 1000.3 |
          Lair |   2150 |   2068 |     82 |     30 |   1561 |   3 |  716.7 |
  Orcish Mines |   1600 |   1453 |    147 |    371 |    834 |   2 |  800.0 |
        Bailey |   1117 |   1117 |      0 |    557 |    181 |   1 | 1117.0 |
               +--------+--------+--------+--------+--------+-----+--------+

Top non-repeatable levels by time:
    D:12: 1970 daAuts
    D:15: 1731 daAuts
   Orc:2: 1419 daAuts
     D:5: 1333 daAuts
     D:7: 1227 daAuts
     D:6: 1170 daAuts
  Bailey: 1117 daAuts
     D:3: 1012 daAuts
     D:4: 1007 daAuts
  Lair:2: 950 daAuts
    D:14: 836 daAuts
    D:13: 833 daAuts
    D:11: 814 daAuts
     D:9: 785 daAuts
  Lair:3: 782 daAuts
